 Dungeon Crawl Stone Soup version 0.21.1-1-g345015fe64 (webtiles) character file.

1206 Bapho the Grappler (level 8, -4/79 HPs)
             Began as a Troll Monk on June 9, 2018.
             Slain by a gnoll
             ... wielding a +0 halberd
              (11 damage)
             ... on level 7 of the Dungeon.
             The game lasted 00:10:10 (5420 turns).

Bapho the Grappler (Troll Monk)                     Turns: 5420, Time: 00:10:11

Health: -4/79      AC:  5    Str: 22    XL:     8   Next: 21%
Magic:  7/7        EV: 11    Int:  6    God:
Gold:   193        SH:  0    Dex: 12    Spells: 7/7 levels left

rFire    . . .     SeeInvis .     - Unarmed
rCold    . . .     Gourm    +   (no shield)
rNeg     . . .     Faith    .   a - +0 robe
rPois    .         Spirit   .   (helmet restricted)
rElec    .         Reflect  .   (no cloak)
rCorr    .         Harm     .   (gloves unavailable)
MR       +....                  (boots unavailable)
Stlth    ++........             y - amulet of rage
HPRegen  0.63/turn              x - ring of protection from magic
MPRegen  0.10/turn              (no ring)

@: no status effects
A: large, unfitting armour, claws 3, fast metabolism 3, gourmand, regeneration
1, shaggy fur 1, tough skin 2
a: Evoke Berserk Rage


You were on level 7 of the Dungeon.
You were full.

You visited 1 branch of the dungeon, and saw 7 of its levels.

You collected 193 gold pieces.

Inventory:

Missiles
 e - 221 stones (quivered)
Armour
 a - a +0 robe (worn)
Jewellery
 k - an uncursed amulet of the gourmand
 x - a ring of protection from magic (left claw)
 y - an amulet of rage (around neck)
 B - a +2 amulet of reflection {unknown}
Wands
 m - a wand of random effects (30)
 t - a wand of scattershot (5)
 E - a wand of digging (13)
Scrolls
 g - 3 scrolls of magic mapping
 h - a scroll of identify
 i - 3 scrolls of remove curse
 j - 4 scrolls of enchant weapon {unknown}
 n - 4 scrolls of immolation
 o - a scroll of fog {unknown}
 p - 4 scrolls of noise {unknown}
 r - a scroll of enchant armour {unknown}
 u - 3 scrolls of amnesia {unknown}
 D - a scroll of teleportation {unknown}
Potions
 c - 3 potions of curing
 d - 2 potions of agility
 f - a potion of resistance
 l - 2 potions of brilliance
 s - a potion of flight
 v - a potion of ambrosia {unknown}
 w - 3 potions of mutation {unknown}
 z - 2 potions of degeneration {unknown}
 A - a potion of lignification {unknown}
Books
 q - a book of Changes

   Spells                             Type                      Level
   a - Beastly Appendage              Transmutation                1
   b - Sticks to Snakes               Transmutation                2
   c - Spider Form                    Transmutation/Poison         3
   d - Ice Form                       Ice/Transmutation            4
   e - Blade Hands                    Transmutation                5
Comestibles
 b - 9 rations


   Skills:
 + Level 4.6 Fighting
 * Level 4.4 Dodging
 - Level 1.0 Stealth
 - Level 8.0 Unarmed Combat


You had 7 spell levels left.
You didn't know any spells.

Dungeon Overview and Level Annotations

Branches:
Dungeon (7/15)
 Temple: D:4-7

Altars:
Sif Muna

Shops:
D:6 :

Annotations:
D:7 Hercules1031's ghost, novice OgBe


Innate Abilities, Weirdness & Mutations

You are too large for most types of armour.
You have claws for hands.
Your metabolism is lightning-fast.
You like to eat raw meat.
Your natural rate of healing is unusually fast.
You are covered in fur. (AC +1)
You have very tough skin. (AC +2)


Message History

The gnoll shaman is healed somewhat.
The gnoll barely misses you.
You claw the gnoll shaman!
You kill the gnoll shaman!
The gnoll hits you from afar with a halberd!
The gnoll hits you from afar with a spear.
The gnoll misses you. The gnoll barely misses you.
Things that are here:
a whip; a leather armour; a stone You barely miss the gnoll.
The gnoll hits you with a halberd.
The gnoll hits you from afar with a spear.
You scratch the gnoll but do no damage. The gnoll hits you with a halberd!
* * * LOW HITPOINT WARNING * * *
The gnoll hits you from afar with a spear.
* * * LOW HITPOINT WARNING * * *
The gnoll hits you from afar with a halberd.
* * * LOW HITPOINT WARNING * * *
The gnoll hits you from afar with a halberd.
* * * LOW HITPOINT WARNING * * *
The gnoll hits you from afar with a halberd!
You die...

#........(..........#
#......g..g.........#
#....##.###.........#
#.. #g# #...........
#... #(###...........
##....##g.######+###...
.......(#g## #.# ..
.......(#..# #.#
.......(##@# #.#
.......(##..# #.#
........###.# #.#
........# .. #.#
........# #.# #.######
######### #.###......#
#..#.....#.#
#....#.##.# #.....W...#


You could see 4 gnolls.

Vanquished Creatures
  Duvessa (D:7)
  An orc warrior (D:6)
  A sky beast (D:7)
  A phantom (D:4)
  Dowan (D:7)
  A bullfrog (D:6)
  A scorpion (D:5)
  4 wights
  A howler monkey (D:4)
  A crimson imp (D:7)
  A hound (D:5)
  An orc wizard (D:6)
  A jelly (D:5)
  A gnoll shaman (D:7)
  An orc priest (D:6)
  2 worker ants
  A hound skeleton (D:5)
  2 gnolls
  9 adders
  An ooze (D:1)
  An adder skeleton (D:4)
  2 dart slugs
  2 leopard geckos
  14 orcs
  6 giant cockroaches
  9 goblins
  12 hobgoblins
  9 jackals
  2 quokkas
  A ball python (D:6)
  A ball python skeleton (D:4)
  6 bats
  7 frilled lizards
  5 kobolds
  A leopard gecko zombie (D:5)
  7 rats
118 creatures vanquished.

Notes
Turn   | Place    | Note
-------+----------+-------------------------------------------
     0 | D:1      | Bapho the Troll Monk began the quest for the Orb.
     0 | D:1      | Reached XP level 1. HP: 22/22 MP: 0/0
   165 | D:1      | Reached XP level 2. HP: 25/29 MP: 1/1
   405 | D:1      | Reached skill level 4 in Unarmed Combat
   455 | D:1      | Reached XP level 3. HP: 36/36 MP: 2/2
  1809 | D:3      | Reached XP level 4. HP: 44/44 MP: 3/3
  1843 | D:3      | Reached skill level 5 in Unarmed Combat
  2395 | D:4      | Reached skill level 6 in Unarmed Combat
  2395 | D:4      | Reached XP level 5. HP: 50/50 MP: 4/4
  2537 | D:4      | Noticed a phantom
  2549 | D:4      | Killed a phantom
  2549 | D:4      | Reached XP level 6. HP: 53/59 MP: 5/5
  2867 | D:4      | Reached skill level 7 in Unarmed Combat
  3094 | D:5      | Entered Level 5 of the Dungeon
  3577 | D:5      | Reached skill level 8 in Unarmed Combat
  4042 | D:6      | Found Ylud's Book Shop.
  4078 | D:6      | Reached XP level 7. HP: 53/66 MP: 6/6
  4901 | D:6      | Found a deep blue altar of Sif Muna.
  5003 | D:7      | Noticed Hercules1031's ghost (novice OgBe)
  5239 | D:7      | Reached XP level 8. HP: 78/78 MP: 7/7
  5253 | D:7      | Noticed Dowan
  5256 | D:7      | Noticed Duvessa
  5265 | D:7      | Killed Duvessa
  5271 | D:7      | Killed Dowan
  5420 | D:7      | Slain by a gnoll

Skill      XL: |  1  2  3  4  5  6  7  8 |
---------------+-------------------------+-----
Unarmed Combat | 4 6 8 |  8.0
Fighting       | 4 |  4.6
Dodging        | 3 4 |  4.4
Stealth        | |  1.0

Action                   |  1- 3 |  4- 6 |  7- 9 || total
-------------------------+-------+-------+-------++-------
Melee: Unarmed           |    94 |    66 |    79 ||   239
       Punch             |     1 |     2 |     4 ||     7
Throw: Stone             |   100 |    31 |    27 ||   158
       Javelin           |     1 |    67 |     6 ||    74
  Use: Scroll            |       |     9 |       ||     9
       Potion            |       |       |     1 ||     1
 Stab: Sleeping          |     1 |       |       ||     1
  Eat: Chunk             |    21 |    19 |    12 ||    52
Armor: Robe              |    29 |    10 |    11 ||    50
Dodge: Dodged            |    52 |    32 |    39 ||   123
